 Dungeon Crawl Stone Soup version 0.19.1-1-g22dce08 (webtiles) character file.

53 theAP the Conjurer (level 3, -7/19 HPs)
             Began as a Deep Elf Conjurer on Jan 6, 2017.
             Mangled by a goblin
             ... wielding a +0 dagger
             ... led by Robin
              (8 damage)
             ... on level 1 of the Dungeon.
             The game lasted 00:09:13 (2176 turns).

theAP the Conjurer (Deep Elf Conjurer)              Turns: 2176, Time: 00:09:14

Health: -7/19      AC:  2    Str:  5    XL:     3   Next: 64%
Magic:  1/10       EV: 13    Int: 20    God:
Gold:   121        SH:  0    Dex: 15    Spells: 2 memorised, 7 levels left

rFire  + . .     SeeInvis .     (no weapon)
rCold  + . .     Gourm    .     a - +0 robe
rNeg   . . .     Faith    .     (no shield)
rPois  +         Spirit   .     (no helmet)
rElec  +         Reflect  .     (no cloak)
rCorr  +         Harm     .     i - -1 pair of gloves (curse)
MR     .....                    (no boots)
Stlth  ++........               (no amulet)
                                (no ring)
                                (no ring)

@: resistant
A: no striking features
a: no special abilities


You were on level 1 of the Dungeon.
You were not hungry.

You visited 1 branch of the dungeon, and saw 2 of its levels.

You collected 121 gold pieces.

Inventory:

Armour
 a - a +0 robe (worn)
 i - a cursed -1 pair of gloves (worn)
 k - a cursed +0 leather armour
Scrolls
 e - a scroll of teleportation {unknown}
 j - a scroll of identify {unknown}
Potions
 d - a potion of cancellation {unknown}
 f - a potion of heal wounds {unknown}
 l - 2 potions of resistance
Books
 b - a book of Conjurations

   Spells                             Type                      Level
   a - Magic Dart                     Conjuration                  1
   b - Searing Ray                    Conjuration                  2
   c - Dazzling Spray                 Conjuration/Hexes            3
   d - Fulminant Prism                Conjuration/Hexes            4
   e - Iskenderun's Mystic Blast      Conjuration                  4
   f - Iskenderun's Battlesphere      Conjuration/Charms           5
Comestibles
 c - 2 bread rations
 g - a beef jerky
 h - 3 meat rations


   Skills:
 - Level 2.4 Dodging
 - Level 2.4 Stealth
 + Level 4.4 Spellcasting
 + Level 5.2 Conjurations


You had 7 spell levels left.
You knew the following spells:

 Your Spells              Type           Power        Failure   Level  Hunger
a - Magic Dart            Conj           ####         1%          1    None
b - Searing Ray           Conj           ####..       2%          2    #......


Dungeon Overview and Level Annotations

Branches:
Dungeon (2/15)

Altars:
Cheibriados
Elyvilon
Hepliaklqana

Annotations:
D:2 Robin


Message History

The goblins go into a battle-frenzy!
You hear a shout!
Robin throws the goblin at you! The goblin hits you but does no damage.
The goblin hits you with a dagger. Robin throws the goblin at you!
* * * LOW HITPOINT WARNING * * *
The goblin barely misses you.
There is a stone staircase leading up here.
The goblin hits you but does no damage.
Robin roars a battlecry!
The hobgoblin goes into a battle-frenzy!
The goblin hits you with a dagger.
* * * LOW HITPOINT WARNING * * *
You climb upwards.
There is a stone staircase leading down here.
Okay, then.
It was a potion of resistance.
You feel protected. The goblin hits you with a dagger!
You die...

........###....#.#...####
###............#.#...#####
###.....####...#.#.......#
........'......#.#....##.#
........#####....#....##.#
.................#.#..##.#
.....#.............#..##.#
.....####.##.......#..##.#
.....####.##...g@..#..##.#
####.##...##....g..#...#.#
####..+...+#.......#####.#
....###...##...........#.#
....##.............###.#.#
....##....##.......# #.#.#
....##....##.#####.# #.#.#
....##....##.# #.# #.#.#
......(...##.# #.# #.#.#


You could see 2 goblins.

Vanquished Creatures
  An adder (D:1)
  An ooze (D:2)
  2 dart slugs (D:2)
  A worm (D:2)
  A leopard gecko (D:1)
  8 goblins
  5 hobgoblins
  A bat (D:1)
  A frilled lizard (D:1)
  5 kobolds (D:2)
  6 rats
32 creatures vanquished.

Notes
Turn   | Place    | Note
-------+----------+-------------------------------------------
     0 | D:1      | theAP the Deep Elf Conjurer began the quest for the Orb.
     0 | D:1      | Reached XP level 1. HP: 10/10 MP: 6/6
   728 | D:1      | Reached XP level 2. HP: 15/15 MP: 5/8
   827 | D:2      | Noticed Robin
  1418 | D:2      | Found a white marble altar of Elyvilon.
  1426 | D:2      | Found a snail-covered altar of Cheibriados.
  1426 | D:2      | Found a hazy altar of Hepliaklqana.
  1436 | D:2      | Reached skill level 5 in Conjurations
  1436 | D:2      | Reached XP level 3. HP: 19/19 MP: 2/10
  1493 | D:2      | Learned a level 2 spell: Searing Ray
  2176 | D:1      | Mangled by a goblin

Skill      XL: |  1  2 |
---------------+-------+-----
Spellcasting   | 4 |  4.4
Conjurations   | 5 |  5.2
Dodging        | |  2.4
Stealth        | |  2.4

Action                   || total
-------------------------++-------
Melee: Unarmed           ||     7
 Cast: Magic Dart        ||    58
       Searing Ray       ||     6
  Use: Scroll            ||     2
       Potion            ||     1
  Eat: Chunk             ||     2
       Beef jerky        ||     1
Armor: Robe              ||     7
Dodge: Dodged            ||    16
